Map: King's Cove LE

Players

WeAreLegion

  • Race: Terran Terran
  • League: Gold
  • Spawn Location: 5:00

MemeChan - Winner!

  • Race: Terran Terran
  • Spawn Location: 11:00

VOD

Have the link to the VOD?

Description

Time

  • Played on: Dec. 17, 2024, 10:33 p.m.
  • Length: 6:58
Show
View Real Time Build Order
Export as new Build Order

WeAreLegion Terran 

Build Orders:  

Get SALT Encoding   

  12  0:00  SCV  
  13  0:12  SCV  
  14  0:19  Supply Depot  
  14  0:24  SCV  
  15  0:43  Barracks  
  15  0:44  SCV  
  15  0:47  Refinery  
  16  0:56  SCV, Refinery  
  17  1:08  SCV  
  18  1:20  SCV  
  19  1:33  Orbital Command  
  19  1:34  Reaper  
  20  1:47  Factory  
  20  1:56  Supply Depot  
  20  1:58  SCV  
  21  2:06  Marine  
  22  2:10  SCV  
  23  2:23  SCV  
  23  2:26  Barracks Reactor  
  24  2:33  Starport  
  24  2:35  SCV  
  25  2:47  SCV  
  25  2:50  Hellion  
  28  2:59  SCV  
  28  3:05  Marine x2  
  31  3:17  Starport Tech Lab  
  31  3:19  Factory Tech Lab  
  31  3:26  Supply Depot  
  31  3:38  Barracks  
  31  3:41  Engineering Bay  
  31  3:45  Barracks  
  31  3:47  SCV, Marine x2  
  31  3:48  Command Center  
  34  3:59  SCV, Banshee  
  34  4:00  Cloaking Field  
  38  4:05  Supply Depot  
  38  4:12  Marine  
  39  4:27  Marine, Cyclone  
  39  4:30  Supply Depot, Marine  
  44  4:37  Barracks Tech Lab  
  44  4:40  SCV  
  44  4:44  Marine  
  46  4:48  Marine  
  46  4:52  SCV, Banshee  
  51  4:54  Supply Depot  
  51  4:59  Supply Depot  
  51  5:00  Marine  
  51  5:02  Marine  
  51  5:06  SCV  
  54  5:14  Orbital Command  
  54  5:18  SCV  
  55  5:30  SCV  
  40  5:42  SCV  
  33  5:52  Missile Turret  
  33  5:55  SCV  
  32  5:57  Missile Turret  
  32  5:59  Marine  
  32  6:00  Siege Tank  
  32  6:01  Marine, Medivac  
  39  6:17  Marine  
  37  6:19  Marine  
  20  6:34  Marine  
  20  6:37  Marine  
Show
View Real Time Build Order
Export as new Build Order

MemeChan Terran - Winner!

Build Orders: Banshee Rush 

Get SALT Encoding   

  12  0:00  SCV  
  13  0:12  SCV  
  14  0:20  Supply Depot  
  14  0:25  SCV  
  15  0:42  SCV  
  16  0:43  Barracks  
  16  0:52  Refinery  
  16  0:54  SCV  
  16  0:56  Refinery  
  17  1:06  SCV  
  18  1:18  SCV  
  19  1:31  Orbital Command  
  19  1:35  Supply Depot  
  19  1:42  Barracks Reactor  
  19  1:50  Factory  
  19  2:01  SCV  
  20  2:20  Marine x2  
  22  2:23  SCV  
  23  2:35  SCV  
  23  2:36  Starport  
  24  2:37  Marine  
  24  2:38  Marine  
  24  2:43  Factory Tech Lab  
  26  2:47  SCV  
  27  2:55  Marine x2  
  29  2:59  SCV  
  29  3:01  Supply Depot  
  29  3:04  Supply Depot  
  30  3:06  Supply Depot  
  30  3:11  SCV  
  31  3:18  Starport Tech Lab  
  31  3:22  Marine  
  31  3:23  Siege Tank, Marine  
  31  3:25  SCV  
  37  3:43  Banshee  
  40  3:48  Cloaking Field  
  40  3:50  Marine x2  
  40  3:55  Siege Tank  
  45  4:03  SCV  
  45  4:07  Marine  
  45  4:08  Marine  
  48  4:27  Siege Tank  
  48  4:29  Command Center  
  51  4:46  Marine x2  
  53  5:05  Supply Depot  
  53  5:08  Supply Depot x2  
  53  5:12  Marine x2  
  55  5:26  Banshee  
  58  5:30  Marine x2  
  49  6:23  Marine  
  49  6:24  Marine  
  47  6:25  Siege Tank  
  47  6:29  SCV  
  47  6:30  SCV  
  45  6:41  SCV  
  45  6:42  SCV  
Tags
 
League
Gold
Matchup
TvT
Race
Terran
Replay Pack
December
Spawn Locations
Cross Positions
Strategy
Banshee Rush
Add a new tag
Caveats
  • Supply blocks, unpowered buildings, or Contaminate may cause inaccurate times.
  • Supply counts are checked every 10 seconds.